 Dungeon Sprint DCSS version 0.17-a0-1748-g222fba8 (webtiles) character file.

3200000 ztt the Plane Walker (level 25, -23/257 HPs)
             Began as a Ghoul Warper on Sept 1, 2015.
             Was the Champion of Makhleb.
             Annihilated by a destroyer
             ... wielding a +9 great sword of slicing
              (240 damage)
             ... in the Dungeon (Sprint VIII: "Arena of Blood").
             The game lasted 00:01:38 (32 turns).

ztt the Plane Walker (Ghoul Warper)                   Turns: 32, Time: 00:01:38

Health: -23/257    AC:  6    Str: 19    XL:     25   Next: 3%
Magic:  8/53       EV: 31    Int:  8    God:    Makhleb [******]
Gold:   0          SH:  0    Dex: 16    Spells: 1 memorised, 77 levels left

rFire  . . .     SeeInvis .     k - +∞ Axe of Woe
rCold  + . .     Clarity  .     a - +0 leather armour
rNeg   + + +     SustAt   .     (no shield)
rPois  ∞         Gourm    .     (no helmet)
rElec  .         Spirit   .     (no cloak)
rCorr  .         Warding  .     (no gloves)
rMut   .         NoTele   +     (no boots)
MR     +....                    (no amulet)
Stlth  +++++++++.               (no ring)
                                (no ring)

@: rotting, somewhat resistant to hostile enchantments, incredibly stealthy
A: rotting body, claws 1, carnivore 3, cold resistance 1, negative energy
resistance 3, slow healing 1, torment resistance, unbreathing
a: Minor Destruction, Lesser Servant of Makhleb, Major Destruction, Greater
Servant of Makhleb, Renounce Religion


You were in the Dungeon.
You worshipped Makhleb.
Makhleb was exalted by your worship.
You were not hungry.

You visited 1 branch

Inventory:

Hand weapons
 k - the +∞ Axe of Woe (weapon)
   (You found it in the Dungeon)
Missiles
 d - 5 tomahawks of dispersal (quivered)
Armour
 a - a +0 leather armour (worn)
Jewellery
 l - an uncursed ring of see invisible
Scrolls
 c - 2 scrolls of blinking
Potions
 f - a potion of curing
 g - a potion of heal wounds
 h - a potion of haste
 i - 2 potions of magic
 j - a potion of berserk rage
Books
 b - a book of Spatial Translocations

   Spells                             Type                      Level
   a - Apportation                    Translocation                1
   b - Blink                          Translocation                2
   c - Shroud of Golubria             Charms/Translocation         2
   d - Portal Projectile              Translocation                3
   e - Teleport Other                 Translocation                3
   f - Passage of Golubria            Translocation                4
Comestibles
 e - a meat ration


   Skills:
 O Level 27 Fighting
 O Level 27 Axes
 O Level 27 Throwing
 O Level 27 Armour
 O Level 27 Dodging
 O Level 27 Stealth
 O Level 27 Unarmed Combat
 O Level 27 Spellcasting
 O Level 27 Translocations
 O Level 27 Invocations


You had 77 spell levels left.
You knew the following spells:

 Your Spells              Type           Power        Failure   Level  Hunger
a - Apportation           Tloc           ######....   0%          1    None


Dungeon Overview and Level Annotations

Branches:
Dungeon (1/1)

Altars:
Makhleb


Innate Abilities, Weirdness & Mutations

Your body is rotting away.
You thrive on raw meat.
You are immune to poison.
You have sharp fingernails.
You are carnivorous and can eat meat at any time.
Your flesh is cold resistant.
You are immune to negative energy.
You heal slowly when monsters are visible.
You are immune to unholy pain and torment.
You can survive without breathing.


Message History

Apport: an uncursed ring of see invisible Yoink!
You pull the item towards yourself.
You are engulfed in roaring flames.
You hear a shout! x3
The destroyer blinks!
Some corpses begin to drag themselves along the ground!
Some corpses meld into agglomerations of writhing flesh!
You hear a shout!
An ogre, 3 small abominations and 2 large abominations come into view.
Unknown command.
l - an uncursed ring of see invisible You are engulfed in roaring flames.
You hear a shout! x3
The small abomination is engulfed in roaring flames.
The small abomination hits you!
You hear a shout!
The destroyer is engulfed in roaring flames.
The destroyer hits you with a +9 great sword of slicing!!!!!
Ouch! That really hurt!
You die...

...###..).)..###.
....#x)x.x..#....
....#..))x.%#..O.
...%..)))X§%.z...
...%..).xx.o%...#
......)x)X.....#
......x.)o%§.##.
...#..§xx)x§#..
......§§§@V§#..
..##.#§§....%...o
. ....%.........§
#....#.....####.
.............
..............
..............
#############


You could see a destroyer, a sculptor of flesh, 2 large abominations, a meat
berserker (berserk), 3 small abominations and 3 bags of meat.

Vanquished Creatures
  12 ogres (D)
  26 orcs (D)
  3 hill giants (D)
41 creatures vanquished.

Notes
Turn   | Place    | Note
--------------------------------------------------------------
     0 | D        | ztt the Ghoul Warper began the quest for the Orb.
     0 | D        | Reached XP level 1. HP: 17/17 MP: 2/2
     3 | D        | Noticed a bag of meat
     3 | D        | Noticed a bag of meat
     3 | D        | Noticed a bag of meat
     3 | D        | Noticed a bag of meat
     3 | D        | Noticed a meat berserker
     4 | D        | Became a worshipper of Makhleb the Destroyer
     5 | D        | Noticed a bag of meat
     5 | D        | Noticed a meat berserker
     6 | D        | Noticed a bag of meat
     6 | D        | Noticed a bag of meat
     7 | D        | Noticed a bag of meat
     7 | D        | Noticed a bag of meat
     8 | D        | Noticed a bag of meat
     8 | D        | Noticed a bag of meat
     8 | D        | Noticed a bag of meat
     8 | D        | Noticed a large bag of meat
     8 | D        | Noticed a meat berserker
     9 | D        | Noticed a bag of meat
     9 | D        | Noticed a bag of meat
     9 | D        | Noticed a meat berserker
     9 | D        | Killed a meat berserker
     9 | D        | Reached skill level 13 in Fighting
     9 | D        | Reached skill level 20 in Translocations
     9 | D        | Reached XP level 2. HP: 20/44 MP: 2/14
     9 | D        | Reached XP level 3. HP: 22/50 MP: 2/15
     9 | D        | Reached XP level 4. HP: 25/58 MP: 2/17
     9 | D        | Reached XP level 5. HP: 27/64 MP: 2/18
     9 | D        | Reached XP level 6. HP: 30/72 MP: 2/20
     9 | D        | Reached XP level 7. HP: 32/79 MP: 2/21
     9 | D        | Reached XP level 8. HP: 34/86 MP: 2/23
     9 | D        | Reached XP level 9. HP: 36/93 MP: 2/24
     9 | D        | Reached XP level 10. HP: 39/101 MP: 2/25
     9 | D        | Reached XP level 11. HP: 41/107 MP: 2/26
     9 | D        | Reached XP level 12. HP: 44/115 MP: 2/27
     9 | D        | Reached XP level 13. HP: 46/122 MP: 2/28
     9 | D        | Killed a bag of meat
     9 | D        | Acquired Makhleb's first power
     9 | D        | Reached skill level 5 in Throwing
     9 | D        | Reached skill level 21 in Translocations
     9 | D        | Reached XP level 14. HP: 84/133 MP: 2/30
    10 | D        | Noticed a meat berserker
    10 | D        | Killed a meat berserker
    10 | D        | Reached skill level 1 in Axes
    10 | D        | Reached skill level 5 in Armour
    10 | D        | Reached skill level 15 in Unarmed Combat
    10 | D        | Reached skill level 24 in Translocations
    10 | D        | Reached XP level 15. HP: 18/144 MP: 2/32
    10 | D        | Killed a bag of meat
    10 | D        | Acquired Makhleb's second power
    10 | D        | Reached skill level 15 in Spellcasting
    10 | D        | Reached skill level 25 in Translocations
    10 | D        | Noticed a bag of meat
    11 | D        | Noticed a bag of meat
    11 | D        | Killed a meat berserker
    11 | D        | Reached skill level 15 in Dodging
    11 | D        | Reached skill level 27 in Translocations
    11 | D        | Reached XP level 16. HP: 152/157 MP: 2/35
    11 | D        | Killed a bag of meat
    11 | D        | Acquired Makhleb's third power
    11 | D        | Killed a bag of meat
    11 | D        | Reached XP level 17. HP: 167/170 MP: 2/37
    11 | D        | Noticed a bag of meat
    12 | D        | Killed a meat berserker
    12 | D        | Reached skill level 10 in Axes
    12 | D        | Killed a bag of meat
    12 | D        | Acquired Makhleb's fourth power
    12 | D        | Reached skill level 10 in Armour
    12 | D        | Reached XP level 18. HP: 173/185 MP: 3/40
    12 | D        | Killed a bag of meat
    12 | D        | Killed a bag of meat
    12 | D        | Killed a bag of meat
    12 | D        | Acquired Makhleb's fifth power
    12 | D        | Killed a bag of meat
    12 | D        | Reached skill level 10 in Throwing
    12 | D        | Reached XP level 19. HP: 198/201 MP: 3/43
    13 | D        | Noticed a bag of meat
    13 | D        | Noticed a meat berserker
    13 | D        | Killed a bag of meat
    13 | D        | Reached skill level 15 in Axes
    13 | D        | Killed a bag of meat
    13 | D        | Killed a large bag of meat
    14 | D        | Noticed a bag of meat
    14 | D        | Noticed a bag of meat
    15 | D        | Noticed a bag of meat
    15 | D        | Noticed a bag of meat
    15 | D        | Noticed a bag of meat
    15 | D        | Killed a bag of meat
    15 | D        | Reached skill level 27 in Fighting
    15 | D        | Killed a bag of meat
    15 | D        | Reached XP level 20. HP: 216/216 MP: 4/46
    15 | D        | Killed a bag of meat
    16 | D        | Killed a meat berserker
    16 | D        | Reached skill level 15 in Armour
    16 | D        | Killed a bag of meat
    16 | D        | Reached skill level 27 in Unarmed Combat
    16 | D        | Killed a bag of meat
    16 | D        | Reached XP level 21. HP: 224/224 MP: 4/49
    16 | D        | Killed a bag of meat
    16 | D        | Reached skill level 27 in Dodging
    17 | D        | Noticed a meat berserker
    17 | D        | Noticed a meat berserker
    17 | D        | Noticed a meat berserker
    17 | D        | Killed a meat berserker
    18 | D        | Noticed a meat berserker
    19 | D        | Noticed a bag of meat
    19 | D        | Noticed a meat berserker
    20 | D        | Noticed a bag of meat
    20 | D        | Noticed a bag of meat
    20 | D        | Killed a bag of meat
    20 | D        | Reached skill level 27 in Axes
    20 | D        | Reached skill level 27 in Spellcasting
    20 | D        | Killed a bag of meat
    22 | D        | Noticed a meat berserker
    22 | D        | Noticed a bag of meat
    22 | D        | Killed a meat berserker
    22 | D        | Reached XP level 22. HP: 233/233 MP: 6/52
    22 | D        | Killed a bag of meat
    22 | D        | Killed a meat berserker
    22 | D        | Reached skill level 27 in Armour
    22 | D        | Killed a bag of meat
    22 | D        | Killed a meat berserker
    22 | D        | Reached skill level 27 in Throwing
    22 | D        | Reached XP level 23. HP: 240/240 MP: 6/53
    23 | D        | Noticed a large bag of meat
    23 | D        | Noticed a large bag of meat
    23 | D        | Killed a meat berserker
    23 | D        | Reached skill level 15 in Invocations
    23 | D        | Killed a meat berserker
    23 | D        | Killed a bag of meat
    23 | D        | Reached XP level 24. HP: 249/249 MP: 6/53
    27 | D        | Killed a large bag of meat
    27 | D        | Killed a bag of meat
    27 | D        | Reached skill level 27 in Stealth
    27 | D        | Killed a bag of meat
    27 | D        | Reached skill level 27 in Invocations
    27 | D        | Killed a bag of meat
    28 | D        | Noticed a bag of meat
    29 | D        | Noticed a bag of meat
    29 | D        | Noticed a sculptor of flesh
    29 | D        | Killed a meat berserker
    29 | D        | Killed a large bag of meat
    30 | D        | Killed a bag of meat
    30 | D        | Reached XP level 25. HP: 257/257 MP: 8/53
    31 | D        | Noticed a destroyer
    32 | D        | Noticed a meat berserker
    32 | D        | Annihilated by a destroyer

Vault maps used:
D:        meatsprint

Action                   |  1- 3 |  4- 6 |  7- 9 | 10-12 | 13-15 | 16-18 | 19-21 | 22-24 | 25-27 || total
-------------------------+-------+-------+-------+-------+-------+-------+-------+-------+-------++-------
Melee: Executioner's axe |     1 |       |       |       |     2 |     1 |     6 |     4 |       ||    14
 Cast: Apportation       |       |       |       |       |       |       |       |       |     1 ||     1
